AoeStats
← Aśoka

Arena

506469162Analyzed
2v2 RM · 17d ago on Sep 13, 2026· 44m 0s· 4 players
Game mode
Random Map
Map size
Medium (4 player)
Population
200
Speed
Normal
Resources
Standard
Victory
Conquest
Starting age
Dark Age
Ending age
Imperial Age
RankedLock teamsTeams togetherTeam positionsShared explorationLock speedFull tech treeHidden civsTurbo modeCheats
Victory
Defeat
🇧🇷 Teutons · Brazil
891
+14
🇧🇷 Huns · Brazil
884
+14
🇮🇳 Vietnamese · India
866
-15
🇺🇸 Franks · United States
822
-13
Sykik
3:31 Loom
11:24 Feudal Age
16:00 Castle Age
14:12 Double-Bit Axe
17:21 Bow Saw
20:04 Crossbowman
22:24 Fletching
24:33 Bodkin Arrow
24:39 Padded Archer Armor
26:45 Pikeman
27:47 Gold Mining
27:48 Stone Mining
31:11 Imperial Age
32:36 Ballistics
35:57 Paper Money
38:57 Scale Barding Armor
39:37 Bloodlines
39:29 Husbandry
39:18 Arbalester
40:17 Bracer
40:42 Elite Skirmisher
41:33 Thumb Ring
43:20 Forging
43:31 Chain Barding Armor
Aśoka
11:56 Feudal Age
10:13 Loom
16:56 Castle Age
14:48 Double-Bit Axe
18:11 Wheelbarrow
20:00 Bow Saw
26:31 Gold Mining
26:32 Stone Mining
31:09 Imperial Age
29:25 Forging
29:34 Husbandry
30:44 Iron Casting
30:15 Scale Barding Armor
33:04 Blast Furnace
32:29 Conscription
34:40 Cavalier
36:30 Chain Barding Armor
38:42 Plate Barding Armor
38:16 Chivalry
39:30 Hand Cart
40:37 Chemistry
39:59 Fletching
40:08 Murder Holes
Cryex
10:11 Feudal Age
10:44 Horse Collar
10:54 Double-Bit Axe
17:44 Castle Age
18:52 Forging
18:49 Scale Barding Armor
20:00 Bloodlines
19:56 Husbandry
20:52 Bow Saw
22:47 Heavy Plow
24:01 Loom
24:51 Wheelbarrow
30:18 Imperial Age
28:03 Gold Mining
28:09 Stone Mining
30:16 Iron Casting
30:02 Chain Barding Armor
30:56 Marauders
31:37 Elite Tarkan
34:40 Blast Furnace
34:17 Plate Barding Armor
36:12 Hand Cart
37:51 Gold Shaft Mining
42:43 Fervor
43:09 Town Watch
43:53 Masonry
43:39 Murder Holes
DiPunisher
0:58 Loom
11:01 Feudal Age
11:50 Double-Bit Axe
12:36 Horse Collar
17:32 Castle Age
17:59 Wheelbarrow
17:15 Man-at-Arms
21:42 Bow Saw
22:40 Hand Cart
22:58 Long Swordsman
23:24 Gambesons
23:26 Arson
23:41 Squires
25:48 Bloodlines
26:19 Heavy Plow
31:37 Imperial Age
28:51 Elite Skirmisher
30:02 Town Watch
33:46 Chemistry
33:07 Ballistics
33:13 Conscription
34:00 Cavalier
35:08 Fletching
35:28 Forging
35:19 Padded Archer Armor
35:25 Scale Barding Armor
35:21 Scale Mail Armor
35:54 Crop Rotation
36:27 Two-Man Saw
36:59 Pikeman
37:01 Two-Handed Swordsman
38:46 Bombard Tower
40:50 Iron Casting
40:10 Bodkin Arrow
40:31 Leather Archer Armor
40:18 Stone Mining
40:18 Gold Mining
42:30 Elite Teutonic Knight
43:32 Ironclad
Connection lost

Rejoining the realm…

Still unreachable

The connection could not be restored.

Session expired

The server has moved on; the page needs a fresh start.